 Dungeon Crawl Stone Soup version 0.31-a0-331-geda263fcf1 (webtiles) character file.

Game seed: 8982857085733331170

84 Strat the Trooper (level 4, 0/61 HPs)
             Began as a Hill Orc Gladiator on July 19, 2023.
             Slain by an orc wizard
             ... wielding a +0 dagger of venom
              (2 damage)
             ... on level 3 of the Dungeon.
             The game lasted 00:04:00 (1814 turns).

Strat the Trooper (Hill Orc Gladiator)              Turns: 1814, Time: 00:04:00

Health: 0/61       AC:  9    Str: 18    XL:     4   Next: 46%
Magic:  4/4        EV:  8    Int:  8    God:
Gold:   144        SH:  0    Dex: 12    Spells: 3/3 levels left

rFire   . . .        a - +0 flail
rCold   . . .        (no shield)
rNeg    . . .        l - +0 chain mail
rPois   .            c - +0 helmet
rElec   .            (no cloak)
rCorr   .            (no gloves)
SInv    .            (no boots)
Will    .....        (no amulet) Stlth
                     (no ring)
HPRegen 0.30/turn    (no ring)
MPRegen 0.09/turn

%: no passive effects
@: berserking, lethally poisoned (0 -> -28), very quick
A: no striking features
a: no special abilities


You were on level 3 of the Dungeon.
You visited 1 branch of the dungeon, and saw 3 of its levels.

You collected 144 gold pieces.

Inventory:

Hand Weapons
 a - a +0 flail (weapon)
Missiles
 d - 3 throwing nets
 e - a javelin
 g - 4 poisoned darts (quivered)
Armour
 b - a +0 leather armour
 c - a +0 helmet (worn)
 l - a +0 chain mail (worn)
Jewellery
 n - a ring of poison resistance
 t - an amulet of faith
 v - a ring of magical power
Scrolls
 f - 5 scrolls of identify {unknown}
 h - 2 scrolls of fear {unknown}
 i - a scroll of torment {unknown}
 k - 2 scrolls of teleportation {unknown}
 o - 2 scrolls of fog {unknown}
 p - a scroll of vulnerability {unknown}
 q - a scroll of brand weapon {unknown}
 r - a scroll of noise {unknown}
 s - a scroll of revelation {unknown}
Potions
 m - a potion of curing {unknown}
 u - a potion of enlightenment {unknown}


   Skills:
 * Level 4.3 Fighting
 - Level 3.2 Maces & Flails
 + Level 2.5 Throwing
 + Level 1.9 Armour
 - Level 2.4 Dodging


You had 3 spell levels left.
You didn't know any spells.
Your spell library contained the following spells:

 Spells                   Type           Power      Damage    Failure   Level
 Portal Projectile        Hex/Tloc       0%         N/A       100%        3
 Tukima's Dance           Hex            0%         N/A       100%        3
 Iskenderun's Mystic Bla  Conj/Tloc      0%         2d3       100%        4


Dungeon Overview and Level Annotations

Branches:
Dungeon (3/15)

Altars:


Message History

The orc wizard hits you but does no damage.
You are more poisoned.
You hit the orc wizard but do no damage.
You feel very sick.
The orc wizard mumbles some strange words.
The orc wizard flickers and vanishes!
Deactivating autopickup; reactivate with Ctrl-A.
Something hits you but does no damage.
You miss something.
You feel sick. Something hits you but does no damage.
You are more poisoned.
You hit something.
You feel very sick. Something hits you.
* * * LOW HITPOINT WARNING * * *
You are more poisoned.
You barely miss something.
* * * LOW HITPOINT WARNING * * *
You feel very sick. Something hits you.
* * * LOW HITPOINT WARNING * * *
You are more poisoned.
You aren't carrying any items that you can evoke.
It was a potion of berserk rage.
A red film seems to cover your vision as you go berserk!
You feel yourself moving faster!
You feel mighty!
* * * LOW HITPOINT WARNING * * *
You feel very sick. Something hits you but does no damage.
You are more poisoned.
You are too berserk!
You closely miss something.
* * * LOW HITPOINT WARNING * * *
You feel very sick. Something hits you but does no damage.
You are more poisoned.
You closely miss something.
* * * LOW HITPOINT WARNING * * *
You feel extremely sick. Something hits you.
You die...

#.#######.##.# .. .
.......##.##.# +#.#.#
...###.##.##.####.#.#.#
......oK.)............#
..##.#.##.##.###....####
..##.#.##.##...#........
..##...##.##.#.....#####
................{.##
#.##.#.#####....@.# #.
#.#.# #....>)..# #.
#.#.# #.#..##<##
......#### ###.#.. #.#..
# #.


There were no monsters in sight!

Vanquished Creatures
  An orc wizard (D:2)
  2 adders (D:2)
  An orc (D:3)
  8 ball pythons
  2 endoplasms
  2 giant cockroaches (D:1)
  8 goblins
  4 hobgoblins
  2 kobolds
  3 bats (D:1)
  6 rats
39 creatures vanquished.

Notes
Turn   | Place    | Note
-------+----------+-------------------------------------------
     0 | D:1      | Strat the Hill Orc Gladiator began the quest for the Orb.
     0 | D:1      | Reached XP level 1. HP: 18/18 MP: 1/1
   184 | D:1      | Reached XP level 2. HP: 25/25 MP: 2/2
   222 | D:1      | Reached skill level 3 in Fighting
   426 | D:1      | Reached skill level 1 in Armour
   574 | D:1      | Found a faded altar of an unknown god.
   624 | D:1      | You fall into a shaft and drop 1 floor!
   649 | D:2      | Reached XP level 3. HP: 31/31 MP: 3/3
  1604 | D:2      | Reached skill level 4 in Fighting
  1677 | D:3      | Reached XP level 4. HP: 40/40 MP: 4/4
  1814 | D:3      | HP: 2/61 [poisoned by an orc wizard]
  1814 | D:3      | Slain by an orc wizard

Illustrated notes

Levels and vault maps discovered:
D:1:      dpeg_arrival_stone_temple_mockup, layout_rooms,
          ebering_ecumenical_altar_abandoned, chequers_serial_rivers_small_b,
          minmay_tiny_reverse_x
D:2:      layout_basic
D:3:      layout_basic, minmay_crystal_water

Skill      XL: |  1  2  3 |
---------------+----------+-----
Fighting       | 3 4 |  4.3
Throwing       | 2 |  2.5
Armour         | 1 |  1.9
Maces & Flails | |  3.2
Dodging        | |  2.4

Action                     |  1- 3 |  4- 6 || total
---------------------------+-------+-------++-------
  Melee: Flail             |   111 |    16 ||   127
    Use: Potion            |       |     1 ||     1
 Armour: Leather armour    |    15 |       ||    15
         Chain mail        |    45 |    18 ||    63
  Dodge: Dodged            |    65 |     4 ||    69

Table legend: (Time is in decaauts)
 A = Elapsed time spent in this place.
 B = Non-inter-level travel time spent in this place.
 C = Inter-level travel time spent in this place.
 D = Time resting spent in this place.
 E = Time spent auto-exploring this place.
 F = Levels seen in this place.
 G = Mean time per level.
                   A        B        C        D        E       F      G
               +--------+--------+--------+--------+--------+-----+--------+
         Total |   1848 |   1652 |    196 |    141 |   1050 |   3 |  616.0 |
       Dungeon |   1848 |   1652 |    196 |    141 |   1050 |   3 |  616.0 |
               +--------+--------+--------+--------+--------+-----+--------+

Top non-repeatable levels by time:
     D:2: 901 daAuts
     D:1: 816 daAuts
     D:3: 131 daAuts
